← All builds
Geo / Legion / Economy first / OBSERVED BUILD

Standard geo

Legion Geo build order · Supreme Isthmus

Geo opens Legion Bot Lab then reclaims it for a Vehicle Plant, builds geothermal and advanced geothermal, blows the commander for T2, and transitions into T2 vehicles (Cicero, Charon, Legion Drone) to supply front and allies.

Usually blows up the commander for T2 (74%)

#eco #t2 · 23 distinct matches · 13 players · 24% of Legion Geo games · team won 30% of 23 · Recently observed

THE CATCH, AND WHAT COMES WITH IT
  • CiceroRadar jammer in 61%16% of all Geo games by then
  • MedusaMedusa in 57%16% of all Geo games by then
  • GladiatorGladiator in 52%16% of all Geo games by then
  • CharonFlak in 48%15% of all Geo games by then

Then transitions into Gladiator (16% of army), Medusa (15% of army), transport (12% of army).

HOW TO PLAY IT

Key timing: Geothermal Powerplant by 3:22

  1. Open mex and wind, then build Legion Bot Lab for early units.
  2. Finish Legion Bot Lab fast, planning to eat it at 3:17.
  3. Build geothermal, then advanced geothermal by 7:05 for power.
  4. Reclaim bot lab into Legion Vehicle Plant, then Advanced Vehicle Plant.
  5. Transition into T2 vehicles like Cicero and Charon for front and allies.

Phase by phase

TYPICAL OF ITS 23 GAMES · AGAINST STANDARD GEO
  1. 1
  2. 2
  3. 3
  4. 4
PLAY THE OPENING

Follow the example game's first 6:00 step by step: what to build now, what comes next, and where it goes. At 1× it keeps pace with your own game.

  1. 1

    Up to the Legion Bot Lab

    Economy
    • Metal Extractor2Mex
    • Wind Turbine4Wind+2 vs standard
    Order
    1. Legion Bot LabLegion Bot Lab after 2 mex, 4 winddone ~0:59, middle half 0:54–1:19

    By 0:42 in all: 2 mex · 4 wind (standard 2)

    The example game in this phase · 3 steps
    1. Mex ×2
    2. Wind ×4
    3. Legion Bot LabLegion Bot Labdone 0:59 · typical 0:59
  2. 2

    Legion Bot Lab to 5:00

    Economy
    • Metal Extractor2Mex
    • Wind Turbine4Wind
    • Energy Converter8Converter
    • Energy Storage1Energy storage
    Order
    1. Geothermal PowerplantGeo after 4 mex, 7 wind, 1 energy storage
    2. Legion Bot LabEat Legion Bot Lab
    Builders
    • Construction Turret6 Con turret
    • Zagreus5 Zagreus
    • Legion Construction Bot2 Legion Construction Bot
    • Legion Construction Bot1 Legion Construction Bot for allies
    • Zagreus1 Zagreus for allies

    Some games also: Goblin (35%)

    By 5:00 in all: 4 mex · 8 wind (standard 6) · 1 geo · 8 converter · 1 energy storage · 6 con turret

    The example game in this phase · 24 steps
    1. ZagreusZagreus ×2
    2. Wind ×2
    3. Legion Construction BotLegion Construction Bot
    4. ZagreusZagreus
    5. Wind
    6. Legion Construction BotLegion Construction Bot
    7. Mex
    8. ZagreusZagreusfor Beach sea
    9. KarkinosKarkinos
    10. Mex
    11. ZagreusZagreus
    12. Wind
    13. Geothermal PowerplantGeodone 3:27 · typical 3:23
    14. Legion Bot LabEat Legion Bot Labreclaimed for its metal
    15. Con turret
    16. Converter
    17. Con turret
    18. Converter ×2
    19. Con turret
    20. Converter
    21. Con turret
    22. Energy storage
    23. Con turret ×2
    24. Advanced Metal ExtractorT2 mex ×2done 5:15
  3. 3

    5:00 to Legion Vehicle Plant

    Economy
    • Energy Converter2Converter
    Order
    1. Advanced Geothermal PowerplantAdvanced Geothermal Powerplant after 8 wind, 10 converter, 6 con turretin 65% of games
    2. Legion Vehicle PlantLegion Vehicle Plant after 8 wind, 10 converter, 6 con turretdone ~7:18, middle half 6:57–7:34

    Some games also: con turret (48%) · wind (39%)

    By 7:07 in all: 4 mex · 8 wind · 1 geo · 1 Advanced Geothermal Powerplant · 10 converter · 1 energy storage

    The example game in this phase · 3 steps
    1. Advanced Metal ExtractorT2 mex ×2
    2. Advanced Geothermal PowerplantAdvanced Geothermal Powerplantdone 6:40
    3. Legion Vehicle PlantLegion Vehicle Plantdone 6:47 · typical 7:18
  4. 4

    Legion Vehicle Plant to 10:00

    Economy
    • Wind Turbine3Wind+3 vs standard
    • Energy Converter6Converter
    Order
    1. Advanced Vehicle PlantAdvanced Vehicle Plant after 8 wind, 10 converter, 6 con turret
    2. Legion Vehicle PlantEat Legion Vehicle Plant
    Builders
    • Legion Construction Vehicle1 Legion Construction Vehicle

    Some games also: radar jammer (43%) · mobile radar (43%) · T2 con vehicle for allies (39%) · Medusa (39%) · con turret (39%)

    The standard build makes here, this one skips: 2 Arquebus

    By 10:00 in all: 4 mex · 16 wind (standard 9) · 1 geo · 1 Advanced Geothermal Powerplant · 19 converter · 1 energy storage

    The example game in this phase · 146 steps
    1. Legion Construction VehicleLegion Construction Vehicle
    2. Advanced Vehicle PlantAdvanced Vehicle Plantdone 7:30 · typical 8:25
    3. Legion Vehicle PlantEat Legion Vehicle Plantreclaimed for its metal
    4. MantisTransportdone 7:41 · typical 9:19
    5. Converter ×2
    6. Legion DroneLegion Drone ×2
    7. MantisTransport
    8. Legion DroneLegion Drone
    9. Converter ×2
    10. Legion DroneLegion Drone ×3
    11. Converter
    12. MantisTransport
    13. Legion DroneLegion Drone
    14. Converter
    15. Legion DroneLegion Drone ×4
    16. MantisTransport
    17. Legion DroneLegion Drone
    18. Converter
    19. Legion DroneLegion Drone ×6
    20. MantisTransport
    21. Converter
    22. Legion DroneLegion Drone ×6
    23. MantisTransport
    24. Converter
    25. Legion DroneLegion Drone ×6
    26. MantisTransport
    27. Converter
    28. Legion DroneLegion Drone ×5
    29. MantisTransport
    30. Legion DroneLegion Drone
    31. Converter
    32. Legion DroneLegion Drone ×4
    33. MantisTransport
    34. Legion DroneLegion Drone ×2
    35. Converter
    36. Legion DroneLegion Drone ×5
    37. PhemeMobile radar
    38. Legion DroneLegion Drone
    39. CiceroRadar jammer
    40. Legion DroneLegion Drone ×3
    41. MantisTransport ×2
    42. Legion DroneLegion Drone ×4
    43. Advanced Construction VehicleT2 con vehicle
    44. Legion DroneLegion Drone ×3
    45. AcesoAceso
    46. Legion DroneLegion Drone
    47. AcesoAceso
    48. Legion DroneLegion Drone
    49. AcesoAceso
    50. Legion DroneLegion Drone
    51. CharonFlakdone 9:55
    52. Legion DroneLegion Drone ×2
    53. CharonFlak
    54. Legion DroneLegion Drone ×3
    55. GladiatorGladiatordone 10:11 · typical 9:32
    56. Legion DroneLegion Drone
    57. GladiatorGladiator
    58. Legion DroneLegion Drone ×6
    59. GladiatorGladiator
    60. Legion DroneLegion Drone ×2
    61. Advanced Metal ExtractorT2 mex
    62. Legion DroneLegion Drone ×2
    63. GladiatorGladiator
    64. Legion DroneLegion Drone ×4
    65. GladiatorGladiator
    66. Legion DroneLegion Drone ×10
    67. MantisTransport
    68. Legion DroneLegion Drone ×6
    69. MantisTransport
    70. Legion DroneLegion Drone
    71. PharosPharos
    72. Advanced Metal ExtractorT2 mex
    73. Legion DroneLegion Drone ×3
    74. MantisTransport
    75. Legion DroneLegion Drone ×5
    76. MantisTransport
    77. Legion DroneLegion Drone ×7
    78. MantisTransport
    79. Legion DroneLegion Drone ×8
    80. MantisTransport
    81. Legion DroneLegion Drone ×6
    82. PrometheusPrometheusdone 11:54
    83. Legion DroneLegion Drone ×11
    84. QuickshotQuickshot
    85. Legion DroneLegion Drone ×2
    86. QuickshotQuickshot ×3
    87. Legion DroneLegion Drone
    88. GladiatorGladiator
    89. Legion DroneLegion Drone ×2
    90. GladiatorGladiator
    91. Advanced Radar TowerAdvanced Radar Tower
    92. GladiatorGladiator ×3
    93. ErebusErebus
    94. GladiatorGladiator ×2
    95. Legion DroneLegion Drone ×3
    96. EvisceratorEvisceratordone 13:40
    97. Legion DroneLegion Drone ×2
    98. MedusaMedusanot finished by 15:00 · typical 9:23
    99. Legion DroneLegion Drone ×11
    100. Wind
    101. Legion DroneLegion Drone ×8
    102. TritonTritondone 13:39
    103. Wind
    104. Legion DroneLegion Drone ×13
    105. Wind
    106. Legion DroneLegion Drone
    107. TritonTritonfor Beach sea
    108. Wind
    109. Legion DroneLegion Drone
    110. Converter
    111. TritonTritonfor Beach sea
    112. Converter
    113. Wind
    114. Converter ×2
    115. TritonTritonfor Beach sea
    116. Wind
    117. Converter
    118. TritonTritonfor Beach sea
    119. Legion DroneLegion Drone
    120. Wind
    121. Converter
    122. Legion DroneLegion Drone
    123. Wind
    124. Legion DroneLegion Drone
    125. Converter
    126. Legion DroneLegion Drone ×2
    127. TritonTritonfor Beach sea
    128. Converter
    129. Wind
    130. Legion DroneLegion Drone
    131. Converter
    132. Legion DroneLegion Drone ×2
    133. TritonTritonfor Beach sea
    134. Wind
    135. Converter
    136. Legion DroneLegion Drone ×2
    137. TritonTritonfor Beach sea
    138. Legion DroneLegion Drone
    139. Wind
    140. Converter
    141. Wind
    142. Legion DroneLegion Drone ×2
    143. TritonTriton
    144. Legion DroneLegion Drone
    145. Converter
    146. Wind

Counts are medians over the build's games: half of them build more, half fewer. The example game is [Crd]Mind_The_Gap's (41 OS, 10/10/2026); pick another.

Team trades

IN AT LEAST 30% OF ITS GAMES

You hand over

  • Zagreus1 Zagreus to Beach sea or Front or Suicide frontfirst at 2:06 · in 61% of games
  • Legion Construction Bot1 Legion Construction Bot to Beach sea or Pondfirst at 2:24 · in 74% of games
  • Advanced Construction Vehicle1 T2 con vehicle to Suicide front or Frontfirst at 9:13 · in 52% of games

You get

  • Advanced Metal Extractor1 T2 mex from Techfirst at 5:00 · in 30% of games
  • Advanced Construction Bot1 T2 con bot from Techfirst at 5:10 · in 87% of games

How it plays out

Typical game of this build, running totals by minute

Metal produced

020k40k
0:005:0010:0015:00

metal

Enemy metal destroyed

05k10k15k
0:005:0010:0015:00

metal

Own metal lost

02k4k6k
0:005:0010:0015:00

metal

23 games.

Show as table
ByMetal produced: This buildEnemy metal destroyed: This buildOwn metal lost: This build
1:0033100
2:0082800
3:00154700
4:00277400
5:00375600
6:00533900
7:007762050
8:0010951050
9:00140493290
10:0016880270214
11:0019793615222
12:00227162505389
13:002595755441010
14:002875187452780
15:0031733107654640
WHAT THE NUMBERS SAY

Standard geo play with the biggest eco of any role shown, but team still won under half its games.

  • + Produces 32330 metal by 15:00, more than any other role's standard build.
  • − Team won only 40% of games despite dominating metal production.
THE EXAMPLE YOU ARE READING

[Crd]Mind_The_Gap

40.6 OS · 10/10/2026

Open source match ↗

2 received units · includes a constructor
2052 metal received · 205600 energy received

Allied construction assistance is unknown. Timings are observations, not a promise of solo reproducibility.

Typical milestones

Legion Bot Lab0:59Middle 50%: 0:54–1:19 · n=23
Geothermal Powerplant3:23Middle 50%: 3:13–3:31 · n=23
Advanced Metal Extractor5:54Middle 50%: 5:23–6:20 · n=20
Advanced Geothermal Powerplant7:10Middle 50%: 7:02–7:31 · n=18
Legion Vehicle Plant7:18Middle 50%: 6:57–7:34 · n=20
Advanced Vehicle Plant8:25Middle 50%: 7:55–8:40 · n=20
Mantis9:19Middle 50%: 8:37–11:54 · n=12
Medusa9:23Middle 50%: 8:51–9:48 · n=12
Gladiator9:32Middle 50%: 8:55–10:51 · n=14

Played most by

[Grump]Matsuri5games of this build[Crd]Atlas4games of this buildGodmother132games of this buildLexosis2games of this buildYogaBoy1584972games of this build